 Dungeon Crawl Stone Soup version 0.17.0-28-g6e173f8 (webtiles) character file.

25758 fredomojojo the Blocker (level 12, 0/162 HPs)
             Began as a Minotaur Fighter on Dec 2, 2015.
             Was the Champion of Okawaru.
             Slain by an Executioner (7 damage)
             ... on level 1 of the Abyss on Dec 3, 2015.
             The game lasted 02:27:56 (10697 turns).

fredomojojo the Blocker (Minotaur Fighter)         Turns: 10697, Time: 02:27:56

Health: 0/162      AC: 26    Str: 25    XL:     12   Next: 92%
Magic:  4/12       EV:  2    Int:  5    God:    Okawaru [******]
Gold:   637        SH: 23    Dex:  9    Spells: 0 memorised, 11 levels left

rFire  . . .     SeeInvis .     o - +5 long sword
rCold  . . .     Clarity  .     (armour currently unavailable)
rNeg   + + +     SustAt   +     n - +3 large shield
rPois  +         Gourm    .     (helmet currently unavailable)
rElec  .         Spirit   .     (cloak currently unavailable)
rCorr  .         Warding  .     (gloves currently unavailable)
rMut   .         NoTele   +     (boots currently unavailable)
MR     .....                    X - amulet of regeneration
Stlth  ++........               N - +6 ring of evasion
                                s - ring of sustain attributes

@: tree-form, not resistant to hostile enchantments, unstealthy
A: (retaliatory headbutt), (horns 0), clumsy 1, (deformed body), wild magic 1
a: Heroism, Finesse, Renounce Religion


You were on level 1 of the Abyss.
You worshipped Okawaru.
Okawaru was exalted by your worship.
You were not hungry.
You were a tree.
You visited 3 branches of the dungeon, and saw 15 of its levels.
You visited the Abyss 1 time.

You collected 701 gold pieces.

Inventory:

Hand Weapons
 o - a +5 long sword (weapon)
 t - the +9 halberd of Pucw {venom, Dex+2, unknown}
   (Okawaru gifted it to you on level 10 of the Dungeon)

   It poisons the flesh of those it strikes.
   It affects your dexterity (+2).
 w - a +0 dagger of venom
 x - a +3 great sword of freezing
 B - a +0 hunting sling
 C - a +3 double sword of electrocution
 O - a +2 dagger of freezing
 U - a +2 longbow of flaming
 Z - a +2 scimitar of holy wrath
Missiles
 f - 15 arrows
 u - 4 tomahawks (quivered)
 Q - 23 sling bullets
 T - 2 exploding tomahawks
Armour
 j - the +1 plate armour of Inviolability (melded) {rF- rC+++ SInv}
   (Okawaru gifted it to you on level 12 of the Dungeon)

   It makes you vulnerable to fire.
   It renders you almost immune to cold.
   It lets you see invisible.
 n - a +3 large shield (worn)
 p - a +0 pair of gloves
 I - a +0 plate armour of cold resistance
 W - the +2 cloak of Starlight (melded) {rElec rC+ EV+4 Stlth--}
   (You found it on level 10 of the Dungeon)

   It affects your evasion (+4).
   It protects you from cold.
   It insulates you from electricity.
   It makes you much less stealthy.
Magical Staves
 c - an uncursed staff of cold
Jewellery
 s - a ring of sustain attributes (left branch)
 K - an uncursed amulet of resist mutation
 N - a +6 ring of evasion (right branch)
 P - an uncursed amulet of warding
 X - an amulet of regeneration (around neck)
Wands
 e - a wand of digging (8)
 R - a wand of digging (17)
 V - a wand of enslavement (10)
 Y - a wand of heal wounds (3)
Scrolls
 i - a scroll of magic mapping {unknown}
 k - 3 scrolls of identify
 m - 4 scrolls of remove curse
 q - 2 scrolls of recharging {unknown}
 y - 3 scrolls of fear
 D - a scroll of amnesia {unknown}
 E - 6 scrolls of teleportation
 F - 2 scrolls of blinking {unknown}
 G - a scroll of fog {unknown}
 J - a scroll of immolation {unknown}
 M - a scroll of enchant armour
Potions
 a - a potion of agility
 d - 2 potions of might
 l - a potion of lignification
 r - 7 potions of curing
 v - 6 potions of brilliance
 H - a potion of berserk rage {unknown}
 S - 2 potions of mutation {unknown}
Miscellaneous
 b - a legendary deck of wonders {drawn: 1}
Comestibles
 g - 4 meat rations
 z - a bread ration
 A - a royal jelly
 L - 3 fruits


   Skills:
 + Level 10.8 Fighting
 + Level 2.7(7.6) Short Blades
 + Level 11.9(12.0) Long Blades
 + Level 5.9 Throwing
 + Level 10.0 Armour
 + Level 7.6 Dodging
 + Level 1.0 Stealth
 + Level 14.7 Shields
 + Level 2.2 Invocations


You had 11 spell levels left.
You didn't know any spells.

Dungeon Overview and Level Annotations

Branches:
Dungeon (13/15)            Temple (1/1) D:4            Lair (1/8) D:8
    Orc (0/4) D:11
 Vaults: D:13-14

Altars:
Ashenzari
Cheibriados
Dithmenos
Fedhas
Gozag
Kikubaaqudgha
Makhleb
Nemelex Xobeh
Okawaru
Qazlal
Ru
Sif Muna
Trog
Vehumet
Xom
Yredelemnul
Zin
The Shining One

Shops:
D:4 ?   D:7 [

Annotations:
D:13 Sonja


Innate Abilities, Weirdness & Mutations

((You reflexively headbutt those who attack you in melee.))
((You have a pair of horns on your head.))
You are clumsy. (Dex -2)
((Armour fits poorly on your strangely shaped body.))
Your spells are a little harder to cast, but a little more powerful.


Message History

You hit the Executioner.
The Executioner is moderately wounded.
The Executioner hits you!
* * * LOW HITPOINT WARNING * * *
The Executioner hits you but does no damage. x3
You block the Executioner's attack. x2
The Executioner gestures at you.
You are unaffected.
You cannot teleport because you are held in place by your roots.
You block the Executioner's attack. x2
The Executioner hits you.
* * * LOW HITPOINT WARNING * * *
The Executioner gestures at you.
You are unaffected.
You block the Executioner's attack. You block the Executioner's attack.
The Executioner hits you but does no damage.
You block the Executioner's attack.
The Executioner hits you but does no damage. x2
The Executioner hits you!
You die...

.. . .#
..# ####..
#.#.#
#..###.#
### #♣1.#.
#..#.....#
##......#
.......#.#
#.##....#
.# ##
#..#.....
... .. # #
...##..# .
# ##.
##.....#
#.. . ..
.. #...


You could see an Executioner.

Vanquished Creatures
  A tentacled starspawn (Abyss:1)
  Maud (D:10)
  Nessos (D:12)
  A lorocyproca (Abyss:1)
  Erolcha (D:8)
  Fannar (D:11)
  A thrashing horror (Abyss:1)
  An unseen horror (D:11)
  A spatial maelstrom (Abyss:1)
  4 hill giants
  A cyclops (D:12)
  A worldbinder (Abyss:1)
  Maurice (D:11)
  A gargoyle (D:11)
  The ghost of Nicoed the Ruffian, a novice DrTm (D:5)
  A hellwing (Abyss:1)
  A smoke demon (Abyss:1)
  A blue devil (Abyss:1)
  A komodo dragon (D:12)
  A slime creature (D:8)
  A raiju (Abyss:1)
  3 two-headed ogres
  4 trolls
  2 blink frogs (Abyss:1)
  A trapdoor spider (D:13)
  2 ynoxinuls (Abyss:1)
  11 yaks
  A large abomination (Abyss:1)
  A deep elf mage (D:11)
  2 wyverns
  3 neqoxecs (Abyss:1)
  A wraith (Abyss:1)
  A hippogriff (D:9)
  A hungry ghost (D:12)
  2 wargs (D:8)
  An eye of draining (D:12)
  9 orc warriors
  7 ice beasts
  2 black bears
  2 sky beasts
  A water moccasin (D:12)
  8 ogres
  2 phantoms
  4 centaurs
  A brain worm (Abyss:1)
  4 big kobolds (D:11)
  6 giant frogs
  4 gnoll sergeants (D:11)
  6 scorpions
  5 killer bees
  14 wights
  7 jellies
  A quasit (D:10)
  5 crimson imps
  2 giant frog zombies
  11 orc wizards
  A giant frog skeleton (D:6)
  3 small abominations (Abyss:1)
  A wasp zombie (D:12)
  7 centaur skeletons
  6 hounds
  11 orc priests
  2 iguanas (D:10)
  7 worker ants
  5 gnolls
  5 shadow imps
  15 adders
  An ufetubus (Abyss:1)
  16 oozes
  An adder skeleton (D:7)
  3 worms (D:2)
  4 giant geckos
  64 orcs
  4 bats
  6 giant cockroaches
  6 hobgoblins
  8 jackals
  3 quokkas
  2 giant gecko zombies
  6 giant newts
  7 goblins
  A jackal zombie (D:5)
  7 kobolds
  9 rats
372 creatures vanquished.

Vanquished Creatures (others)
  A human (D:2)
  4 fungi (D:8)
  2 starspawn tentacles (Abyss:1)
7 creatures vanquished.

Grand Total: 379 creatures vanquished

Notes
Turn   | Place    | Note
--------------------------------------------------------------
     0 | D:1      | fredomojojo the Minotaur Fighter began the quest for the Orb.
     0 | D:1      | Reached XP level 1. HP: 19/19 MP: 0/0
    70 | D:1      | Reached skill level 4 in Shields
    70 | D:1      | Reached XP level 2. HP: 18/27 MP: 1/1
   487 | D:2      | Reached XP level 3. HP: 33/33 MP: 2/2
   931 | D:2      | Found a shimmering altar of Xom.
   931 | D:2      | Found a shimmering altar of Xom.
   932 | D:2      | Found a shimmering altar of Xom.
   932 | D:2      | Found a shimmering altar of Xom.
   944 | D:2      | Found a shimmering altar of Xom.
   944 | D:2      | Found a shimmering altar of Xom.
   944 | D:2      | Found a shimmering altar of Xom.
   944 | D:2      | Found a shimmering altar of Xom.
  1044 | D:2      | Found an ancient bone altar of Kikubaaqudgha.
  1044 | D:2      | Noticed a human
  1048 | D:2      | Killed a human
  1161 | D:3      | Reached XP level 4. HP: 40/40 MP: 3/3
  1202 | D:3      | Reached skill level 1 in Dodging
  1366 | D:3      | Reached skill level 5 in Shields
  1541 | D:4      | Reached skill level 1 in Throwing
  1541 | D:4      | Reached XP level 5. HP: 38/47 MP: 4/4
  1610 | D:4      | Noticed a phantom
  1634 | D:4      | Killed a phantom
  1700 | D:4      | Found Tuciolak's Magic Scroll Shoppe.
  1954 | D:4      | Found a staircase to the Ecumenical Temple.
  1963 | Temple   | Entered the Ecumenical Temple
  2077 | Temple   | Became a worshipper of Warmaster Okawaru
  2232 | D:5      | Entered Level 5 of the Dungeon
  2284 | D:5      | Reached XP level 6. HP: 49/53 MP: 5/5
  2334 | D:5      | Noticed an ice beast
  2354 | D:5      | Killed an ice beast
  2354 | D:5      | Reached skill level 6 in Shields
  2582 | D:5      | Found Uvvogh's Jewellery Shoppe.
  2635 | D:5      | Reached * piety under Okawaru
  2746 | D:5      | Reached skill level 5 in Fighting
  2905 | D:5      | Reached XP level 7. HP: 58/61 MP: 6/6
  3043 | D:5      | Noticed Nicoed's ghost (novice DrTm)
  3092 | D:5      | Killed Nicoed's ghost
  3092 | D:5      | Reached skill level 5 in Armour
  3092 | D:5      | Reached skill level 7 in Shields
  3270 | D:5      | Found a deep blue altar of Sif Muna.
  3361 | D:5      | Reached ** piety under Okawaru
  3527 | D:6      | Reached XP level 8. HP: 53/68 MP: 7/7
  3775 | D:6      | Reached skill level 5 in Long Blades
  4279 | D:6      | Found a shadowy altar of Dithmenos.
  4461 | D:7      | Found a blossoming altar of Fedhas.
  4473 | D:7      | Found Dauz's Antique Armour Shop.
  4555 | D:7      | Reached skill level 8 in Shields
  4647 | D:7      | Reached skill level 5 in Dodging
  4904 | D:7      | Noticed a hill giant
  4918 | D:7      | Killed a hill giant
  4918 | D:7      | Reached *** piety under Okawaru
  4918 | D:7      | Reached XP level 9. HP: 6/78 MP: 8/8
  5361 | D:8      | Found a radiant altar of Vehumet.
  5362 | D:8      | Found a sparkling altar of Nemelex Xobeh.
  5611 | D:7      | Reached **** piety under Okawaru
  5611 | D:7      | Reached skill level 9 in Shields
  5848 | D:8      | Reached skill level 1 in Short Blades
  5905 | D:8      | Noticed Erolcha
  5908 | D:8      | Paralysed by Erolcha for 2 turns
  5916 | D:8      | Paralysed by Erolcha for 5 turns
  5921 | D:8      | Killed Erolcha
  5921 | D:8      | Received a gift from Okawaru
  5921 | D:8      | Reached XP level 10. HP: 38/86 MP: 9/9
  6200 | D:8      | Reached skill level 10 in Shields
  6237 | D:8      | Reached ***** piety under Okawaru
  6335 | D:8      | Found a staircase to the Lair.
  6414 | Lair:1   | Entered Level 1 of the Lair of Beasts
  6814 | D:9      | Reached skill level 1 in Stealth
  7117 | D:10     | Entered Level 10 of the Dungeon
  7192 | D:9      | Found an opulent altar of Gozag.
  7537 | D:10     | Reached skill level 11 in Shields
  7621 | D:10     | Received a gift from Okawaru
  7643 | D:10     | Got a steaming halberd {god gift}
  8218 | D:10     | Reached XP level 11. HP: 95/95 MP: 10/10
  8276 | D:10     | Noticed a hill giant
  8285 | D:10     | Killed a hill giant
  8498 | D:11     | Noticed Maud
  8500 | D:11     | Noticed Fannar
  8532 | D:10     | Killed Maud
  8532 | D:10     | Reached skill level 5 in Throwing
  8532 | D:10     | Reached skill level 12 in Shields
  8591 | D:10     | Received a gift from Okawaru
  8775 | D:11     | Killed Fannar
  8800 | D:11     | Noticed a hill giant
  8806 | D:11     | Killed a hill giant
  8806 | D:11     | Reached skill level 1 in Invocations
  8834 | D:11     | Received a gift from Okawaru
  9042 | D:11     | Killed an unseen horror
  9133 | D:12     | Reached ****** piety under Okawaru
  9133 | D:12     | Reached skill level 13 in Shields
  9467 | D:11     | Noticed Maurice
  9475 | D:11     | Killed Maurice
  9475 | D:11     | Received a gift from Okawaru
  9501 | D:11     | Found a staircase to the Orcish Mines.
  9532 | D:11     | Reached skill level 10 in Long Blades
  9542 | D:11     | Reached XP level 12. HP: 106/106 MP: 8/11
  9645 | D:12     | Noticed a hill giant
  9651 | D:12     | Killed a hill giant
  9838 | D:12     | Reached skill level 10 in Fighting
 10128 | D:12     | Noticed Nessos
 10153 | D:12     | Killed Nessos
 10153 | D:12     | Received a gift from Okawaru
 10156 | D:12     | Got a faintly humming plate armour {god gift}
 10169 | D:12     | Identified the +1 plate armour of Inviolability {rF- rC+++ SInv} (Okawaru gifted it to you on level 12 of the Dungeon)
 10314 | D:13     | Noticed Sonja
 10324 | D:13     | Cast into the Abyss (Sonja)
 10438 | Abyss:1  | Noticed a tentacled starspawn
 10448 | Abyss:1  | Killed a tentacled starspawn
 10448 | Abyss:1  | Reached skill level 14 in Shields
 10533 | Abyss:1  | Gained mutation: Your spells are a little harder to cast, but a little more powerful. [a neqoxec]
 10591 | Abyss:1  | Gained mutation: You are clumsy. (Dex -2) [a neqoxec]
 10598 | Abyss:1  | Gained mutation: Armour fits poorly on your strangely shaped body. [a neqoxec]
 10615 | Abyss:1  | Reached skill level 10 in Armour
 10650 | Abyss:1  | Noticed a lorocyproca
 10672 | Abyss:1  | Killed a lorocyproca
 10680 | Abyss:1  | Noticed an Executioner
 10696 | Abyss:1  | HP: 7/162 [Executioner (6)]
 10697 | Abyss:1  | Slain by an Executioner

Action                   |  1- 3 |  4- 6 |  7- 9 | 10-12 || total
-------------------------+-------+-------+-------+-------++-------
Melee: Long sword        |   118 |   153 |   326 |   467 ||  1064
       Short sword       |       |       |    44 |       ||    44
       Dagger            |       |       |       |     9 ||     9
       Double sword      |       |       |       |   327 ||   327
       Scimitar          |       |       |       |    13 ||    13
Throw: Stone             |    15 |     7 |    20 |     5 ||    47
       Tomahawk          |       |    11 |    43 |    57 ||   111
Invok: Heroism           |       |       |       |     1 ||     1
       Finesse           |       |       |       |     3 ||     3
Evoke: Deck              |       |       |       |     1 ||     1
  Use: Potion            |       |       |     4 |     6 ||    10
       Scroll            |       |       |     2 |    16 ||    18
  Eat: Chunk             |     1 |     6 |     2 |     8 ||    17
       Bread ration      |       |       |     2 |     1 ||     3
       Pizza             |       |       |     1 |     1 ||     2
       Beef jerky        |       |       |       |     1 ||     1
       Meat ration       |       |       |       |     1 ||     1
